 Dungeon Crawl Stone Soup version 0.14-a0-40-g75911bd (webtiles) character file.

760 Malachi the Ruffian (level 6, -14/59 HPs)
             Began as a Troll Monk on Sept 28, 2013.
             Demolished by an ogre
             ... wielding a +0,+0 giant spiked club
              (22 damage)
             ... on Level 5 of the Dungeon.
             The game lasted 00:10:05 (3576 turns).

Malachi the Ruffian (Troll Monk)                    Turns: 3576, Time: 00:10:05

HP -14/59        AC  5     Str 22      XL: 6   Next: 76%
MP   2/2         EV 11     Int  6      God:
Gold 305         SH  0     Dex 12      Spells:  0 memorised,  5 levels left

Res.Fire  : . . .   See Invis. : .     - Unarmed
Res.Cold  : . . .   Warding    : .   a - +0 robe
Life Prot.: . . .   Conserve   : .   (shield restricted)
Res.Poison: .       Res.Corr.  : .   (helmet restricted)
Res.Elec. : .       Clarity    : .   (no cloak)
Sust.Abil.: . .     Spirit.Shd : .   (gloves unavailable)
Res.Mut.  : .       Stasis     : .   (boots unavailable)
Res.Rott. : .       Flight     : .   (no amulet)
Gourmand  : +                        (no ring)
                                     (no ring)

@: mildly poisoned, slightly resistant to hostile enchantments, unstealthy
A: unfitting armour, claws 3, fast metabolism 3, gourmand, regeneration 2,
saprovore 2, tough skin 2, AC +1
a: no special abilities


You were on level 5 of the Dungeon.
You were completely stuffed.

You visited 1 branch of the dungeon, and saw 5 of its levels.

You collected 305 gold pieces.

Inventory:

Armour
 a - a +0 robe (worn)
Magical devices
 u - a wand of frost (1)
Comestibles
 b - 3 meat rations
 g - 3 chokos
 o - an apple
 s - 3 pears
 w - a bread ration
 z - a snozzcumber
Scrolls
 c - a scroll of random uselessness {unknown}
 d - a scroll of enchant weapon I {unknown}
 h - 2 scrolls of enchant weapon II {unknown}
 i - 6 scrolls of remove curse {unknown}
 j - 7 scrolls of identify {unknown}
 k - a scroll of magic mapping {unknown}
 l - 2 scrolls of blinking {unknown}
 m - 2 scrolls of curse armour {unknown}
 n - a scroll of enchant armour {unknown}
 r - a scroll of amnesia {unknown}
 t - a scroll of curse weapon {unknown}
 x - a scroll of recharging {unknown}
 y - a scroll of immolation {unknown}
Jewellery
 q - an uncursed amulet of clarity {unknown}
Potions
 e - 3 potions of restore abilities {unknown}
 f - a potion of agility {unknown}
 v - 3 potions of curing {unknown}
 B - a potion of poison {unknown}
Books
 p - a book of Envenomations

   Spells                             Type                      Level
   Spider Form                        Transmutation/Poison         3
   Poison Weapon                      Charms/Poison                3
   Summon Scorpions                   Summoning/Poison             4
   Olgreb's Toxic Radiance            Poison                       4
   Poisonous Cloud                    Conjuration/Poison/Air       6


   Skills:
 + Level 3.2 Fighting
 + Level 4.2 Dodging
 + Level 2.0 Stealth
 * Level 6.0 Unarmed Combat


You had 5 spell levels left.
You didn't know any spells.

Dungeon Overview and Level Annotations

Branches:
Dungeon (5/27)
 Temple: D:4-7

Altars:
Cheibriados
Vehumet
the Shining One


Innate Abilities, Weirdness & Mutations

You are too large for most types of armour.
You have claws for hands.
Your metabolism is lightning-fast.
You like to eat raw meat.
You heal very quickly.
You can eat rotten meat.
You are covered in fur (AC +1).
You have very tough skin (AC +2).


Message History

The ogre hits you with a giant spiked club!
The adder bites you.
You hit the ogre.
The ogre is moderately wounded.
The adder barely misses you.
The ogre hits you with a giant spiked club!
* * * LOW HITPOINT WARNING * * *
You are too injured to fight recklessly!
You hit the ogre.
The ogre is moderately wounded.
The adder bites you.
* * * LOW HITPOINT WARNING * * *
You are poisoned.
The adder poisons you!
* * * LOW HITPOINT WARNING * * *
You feel sick. The adder barely misses you. The adder barely misses you.
The ogre hits you with a giant spiked club!
You die...

#.......#######+ #.......#
# #.......#
..#########.......########
..........................
................######.....
#........r.....# #....>
#..#+####SO....# #.....
#@.....# #..... #......#
#..... #......# #.....
#......# #..... #......#
#..... #......# #.....
..######......# #.####
..............# #.#...
#.............# #.#...


You could see an ogre (bleeding), an adder and a rat.

Vanquished Creatures
  A phantom (D:5)
  An ice beast (D:4)
  An ogre (D:4)
  A worker ant (D:5)
  An ogre zombie (D:5)
  7 adders
  A worm (D:2)
  3 giant geckos (D:2)
  2 ball pythons
  8 hobgoblins
  2 quokkas
  A ball python skeleton (D:4)
  9 bats
  6 giant cockroaches
  6 giant newts
  10 goblins
  13 kobolds
  A quokka skeleton (D:4)
  8 rats
82 creatures vanquished.

Notes
Turn   | Place    | Note
--------------------------------------------------------------
     0 | D:1      | Malachi, the Troll Monk, began the quest for the Orb.
     0 | D:1      | Reached XP level 1. HP: 20/20 MP: 0/0
   150 | D:1      | Reached XP level 2. HP: 18/28 MP: 0/0
   955 | D:2      | Reached XP level 3. HP: 35/35 MP: 1/1
  1497 | D:2      | Reached XP level 4. HP: 37/44 MP: 1/1
  1702 | D:3      | Found a snail-covered altar of Cheibriados.
  1702 | D:3      | Found a glowing golden altar of the Shining One.
  2270 | D:4      | Reached skill level 5 in Unarmed Combat
  2457 | D:4      | Found a radiant altar of Vehumet.
  2632 | D:4      | Noticed an ogre
  2639 | D:4      | Killed an ogre
  2639 | D:4      | Reached XP level 5. HP: 40/50 MP: 1/1
  3051 | D:5      | Entered Level 5 of the Dungeon
  3051 | D:5      | Noticed a phantom
  3065 | D:5      | Noticed an ice beast
  3082 | D:4      | Killed an ice beast
  3082 | D:4      | Reached XP level 6. HP: 15/59 MP: 2/2
  3272 | D:5      | Killed a phantom
  3499 | D:5      | Reached skill level 6 in Unarmed Combat
  3566 | D:5      | Noticed an ogre
  3576 | D:5      | Demolished by an ogre

Action                   |  1- 3 |  4- 6 || total
-------------------------+-------+-------++-------
Melee: Unarmed           |   110 |   142 ||   252
 Stab: Sleeping          |     2 |     3 ||     5
